cohdb
Replays
Latest Replays
All Replays
Popular Replays
Top Player Replays
Match Explorer
How It Works
Community
CoH3 Stats
Reddit
Sign in to upload your games and track your stats! →
Sign in with Steam
SSF actions
Match 47128315
Overview
Messages
Build Orders
End
Scout Squad
Selects Heavy Weapons
Construct Weapon Support Center
M1919 Machine Gun Team
Engineer Squad
M1919 Machine Gun Team
Infantry Support Center
Bazooka Squad
M3 Armored Personnel Carrier
Construct Medical Station
Selects Assault Carriers
Engineer Squad
M3 Assault Carrier
Selects Exchangeable Parts
M3 Assault Carrier
Selects M2HB .50cal Heavy Machine Gun
Bazooka Squad
Construct Tank Depot
M4A1 Sherman Medium Tank
M4A1 Sherman Medium Tank
Selects Gallant Stand
Selects Black Dragon Artillery Barrage
Black Dragon Artillery Barrage
Engineer Squad
Captain Retinue
M4A1 Sherman Medium Tank
M1919 Machine Gun Team
M1919 Machine Gun Team
Black Dragon Artillery Barrage
Oziligath
xizi20
0
0
Comments
sign in to comment!
No comments posted yet!